 Dungeon Crawl Stone Soup version 0.18.1-48-g4cf74bf (console) character file.

93 Kloppie the Chopper (level 4, 0/42 HPs)
             Began as a Hill Orc Berserker on June 28, 2016.
             Was a Believer of Trog.
             Slain by Apert's ghost (2 damage)
             ... on level 3 of the Dungeon.
             The game lasted 00:02:47 (1671 turns).

Kloppie the Chopper (Hill Orc Berserker)            Turns: 1671, Time: 00:02:47

Health: 0/42       AC:  6    Str: 19    XL:     4   Next: 61%
Magic:  4/4        EV: 10    Int:  7    God:    Trog [**....]
Gold:   88         SH:  0    Dex: 11    Spells: 0 memorised, 3 levels left

rFire  + . .     SeeInvis .     a - +0 hand axe
rCold  + . .     Gourm    .     e - +0 scale mail
rNeg   . . .     Faith    .     (no shield)
rPois  +         Spirit   .     (no helmet)
rElec  +         Dismiss  .     (no cloak)
rCorr  +         Reflect  .     (no gloves)
SustAt .         Harm     .     (no boots)
MR     .....                    (no amulet)
Stlth  ..........               (no ring)
                                (no ring)

@: exhausted, resistant, slowed, very slow, not resistant to hostile
enchantments, extremely unstealthy
A: no striking features
a: Berserk, Trog's Hand, Burn Spellbooks, Renounce Religion


You were on level 3 of the Dungeon.
You worshipped Trog.
Trog was pleased with you.
You were hungry.

You visited 1 branch of the dungeon, and saw 3 of its levels.

You collected 88 gold pieces.

Inventory:

Hand Weapons
 a - a +0 hand axe (weapon)
Armour
 e - a +0 scale mail (worn)
 h - a cursed +0 large shield
Jewellery
 m - an uncursed ring of flight {unknown}
Scrolls
 b - 2 scrolls of amnesia {unknown}
 d - a scroll of fear {unknown}
 g - a scroll of magic mapping {unknown}
 i - 2 scrolls of remove curse {unknown}
 j - a scroll of immolation {unknown}
 l - a scroll of enchant armour {unknown}
 n - 2 scrolls of teleportation {unknown}
 p - 2 scrolls of identify {unknown}
 q - a scroll of enchant weapon {unknown}
Potions
 o - a potion of mutation {unknown}
Comestibles
 c - 5 bread rations


   Skills:
 + Level 5.2 Fighting
 + Level 5.5 Axes
 - Level 2.1 Armour
 - Level 1.5 Dodging


You had 3 spell levels left.
You didn't know any spells.

Dungeon Overview and Level Annotations

Branches:
Dungeon (3/15)

Altars:
Pakellas

Annotations:
D:3 Apert's ghost, amateur HOFi


Message History

You miss Apert's ghost.
Apert's ghost is moderately damaged.
Apert's ghost hits you!
* * * LOW HITPOINT WARNING * * *
You hit Apert's ghost but do no damage.
Apert's ghost is moderately damaged.
Apert's ghost hits you!
* * * LOW HITPOINT WARNING * * *
Your scale mail prevents you from hitting Apert's ghost.
Apert's ghost is moderately damaged.
You are too berserk!
You are no longer berserk.
You are exhausted.
You feel yourself slow down.
You are feeling hungry.
Drink which item? (? for menu, Esc to quit)
It was a potion of resistance.
You feel protected. Apert's ghost hits you.
You die...

#### ..# #.# #
###.###########
###.##........rW@..#
..........########.#
##.......# #.#
#..#.##.# #.#
#...... #.# #.#
#.#..## #.# ##.#
.... ..# ##..# #S##
### #...# # ###.####


You could see Apert's ghost and a rat.

Vanquished Creatures
  2 adders
  3 oozes
  3 dart slugs
  3 giant geckos
  8 bats
  2 giant cockroaches
  3 goblins
  5 hobgoblins
  5 jackals (D:1)
  5 kobolds
  2 ball pythons
  3 giant newts
  7 rats
51 creatures vanquished.

Notes
Turn   | Place    | Note
--------------------------------------------------------------
     0 | D:1      | Kloppie the Hill Orc Berserker began the quest for the Orb.
     0 | D:1      | Reached XP level 1. HP: 19/19 MP: 1/1
   115 | D:1      | Reached XP level 2. HP: 13/27 MP: 2/2
   301 | D:1      | Reached ** piety under Trog
   301 | D:1      | Reached XP level 3. HP: 31/33 MP: 3/3
   641 | D:1      | Reached skill level 5 in Axes
   790 | D:2      | Reached XP level 4. HP: 27/41 MP: 4/4
  1081 | D:2      | Reached skill level 5 in Fighting
  1307 | D:2      | Found an oddly glowing altar of Pakellas.
  1644 | D:3      | Noticed Apert's ghost (amateur HOFi)
  1668 | D:3      | HP: 3/63 [Apert's ghost (9)]
  1671 | D:3      | Slain by Apert's ghost

Skill      XL: |  1  2  3  4 |
---------------+-------------+-----
Fighting       | 4 5 |  5.2
Axes           | 5 |  5.5
Armour         | |  2.1
Dodging        | |  1.5

Action                   |  1- 3 |  4- 6 || total
-------------------------+-------+-------++-------
Melee: Hand axe          |   113 |   101 ||   214
Invok: Berserk           |     2 |     1 ||     3
  Use: Potion            |       |     1 ||     1
  Eat: Chunk             |     1 |     4 ||     5
Armor: Scale mail        |    67 |    37 ||   104
Dodge: Dodged            |    82 |    59 ||   141
